 Dungeon Crawl Stone Soup version 0.27.0-1-g7a089689b8 (webtiles) character file.

Game seed: 17018461595736461350

112 BOMJPIETVODKU the Digger (level 4, -5/32 HPs)
             Began as a Gnoll Earth Elementalist on Aug 5, 2021.
             Slain by Terence (8 damage)
             ... on level 2 of the Dungeon.
             The game lasted 00:03:11 (1488 turns).

BOMJPIETVODKU the Digger (Gnoll Earth Elementalist) Turns: 1488, Time: 00:03:12

Health: -5/32      AC:  2    Str:  8    XL:     4   Next: 93%
Magic:  5/11       EV: 13    Int: 15    God:
Gold:   15         SH:  0    Dex: 12    Spells: 12/13 levels left

rFire    . . .     SeeInvis .   h - +1 trident (vorpal)
rCold    . . .     Faith    .   (no shield)
rNeg     . . .     Spirit   .   b - +0 robe
rPois    .         Reflect  .   (no helmet)
rElec    .         Harm     .   (no cloak)
rCorr    .         Rampage  .   (no gloves)
Will     .....                  (no boots)
Stlth    +++.......             (no amulet)
HPRegen  0.10/turn              f - ring of wizardry
MPRegen  0.12/turn              (no ring)

@: no status effects
A: fangs 1, strong nose, distributed training
a: no special abilities


You were on level 2 of the Dungeon.
You visited 1 branch of the dungeon, and saw 2 of its levels.

You collected 15 gold pieces.

Inventory:

Hand Weapons
 d - a +0 short sword
 h - a +1 vorpal trident (weapon)
Missiles
 c - 19 stones
Armour
 b - a +0 robe (worn)
Jewellery
 f - a ring of wizardry (left hand)
Potions
 a - 3 potions of lignification {unknown}
 e - a potion of haste {unknown}
 g - a potion of curing {unknown}


   Skills:
 + Level 1.2 Fighting
 + Level 1.2 Short Blades
 + Level 1.2 Long Blades
 + Level 1.2 Axes
 + Level 1.2 Maces & Flails
 + Level 1.2 Polearms
 + Level 1.2 Staves
 + Level 1.2 Slings
 + Level 1.2 Bows
 + Level 1.2 Crossbows
 + Level 1.2 Throwing
 + Level 1.2 Armour
 + Level 4.7 Dodging
 + Level 4.3 Stealth
 + Level 1.2 Shields
 + Level 1.2 Unarmed Combat
 + Level 5.1 Spellcasting
 + Level 1.0 Conjurations
 + Level 1.0 Hexes
 + Level 1.0 Summonings
 + Level 1.0 Necromancy
 + Level 1.0 Translocations
 + Level 2.3 Transmutations
 + Level 1.0 Fire Magic
 + Level 1.0 Ice Magic
 + Level 1.0 Air Magic
 + Level 5.5 Earth Magic
 + Level 1.0 Poison Magic
 + Level 1.4 Invocations
 + Level 1.2 Evocations


You had 12 spell levels left.
You knew the following spells:

 Your Spells              Type           Power      Damage    Failure   Level
a - Sandblast             Erth           40%        2d10      1%          1

Your spell library contained the following spells:

 Spells                   Type           Power      Damage    Failure   Level
 Passwall                 Tmut/Erth      12%        N/A       1%          2
 Foxfire                  Conj/Fire      28%        2x1d5     4%          1
 Stone Arrow              Conj/Erth      26%        3d8       5%          3
 Conjure Flame            Conj/Fire      7%         6-21      12%         3
 Inner Flame              Hex/Fire       7%         N/A       12%         3
 Petrify                  Tmut/Erth      15%        N/A       13%         4


Dungeon Overview and Level Annotations

Branches:
Dungeon (2/15)

Altars:

Shops:
D:1 [

Annotations:
D:2 Terence


Innate Abilities, Weirdness & Mutations

You have very sharp teeth.
Your uncanny sense of smell can sniff out nearby items.
Your experience applies equally to all skills.


Message History

The bat closely misses you.
The gnoll hits the plant with a +0 club.
The plant begins to die.
The bat misses you. The bat hits you but does no damage.
The bat barely misses you.
A nearby plant withers and dies.
The bat hits you. The bat completely misses you. The bat closely misses you.
The bat closely misses you.
The blast of sand hits the bat!
You kill the bat!
The blast of sand hits the endoplasm!
You kill the endoplasm!
The blast of sand hits the gnoll.
The gnoll is moderately wounded.
The blast of sand hits the gnoll!
You kill the gnoll!
The gnoll misses you.
The blast of sand hits the gnoll.
The gnoll is lightly wounded.
The gnoll hits you from afar with a +0 spear.
The blast of sand hits the gnoll!
The gnoll is almost dead.
The gnoll barely misses you.
The blast of sand hits the gnoll!
You kill the gnoll!
You can't see any susceptible monsters within range! (Use Z to cast anyway.)
You can't see any susceptible monsters within range! (Use Z to cast anyway.)
Something barely misses you.
Things that are here:
a +0 club; a bat corpse You miss something.
Something barely misses you.
You hit something. Something hits you! x2
* * * LOW HITPOINT WARNING * * *
You hit something but do no damage. Something barely misses you.
You closely miss something. Something hits you.
* * * LOW HITPOINT WARNING * * *
The dart slug launches a dart at you.
The slug dart hits you but does no damage.
You barely miss something. Something hits you!
You die...

.##.####.#.###..###..)≈......
.##.####...###..#..≈⌠.P.≈#
....##..........#...⌠..P.#...
######..........###.≈...P....
## #.................P.....
.# #..............P........
.# #..........w########.###
.############'##)# ... ....#
#.##@# #.# ....# #.##.# .#
....# #.##.# ....#######
#†##.# ..........# #.##..
..#######'###.#### ..#
#......#.# ..# #......#.# ..#
#......'.#


You could see a dart slug.

Vanquished Creatures
  A centaur skeleton (D:2)
  An adder (D:2)
  3 gnolls (D:2)
  A worm (D:2)
  A dart slug (D:1)
  2 endoplasms
  A giant cockroach (D:1)
  6 goblins
  2 hobgoblins
  8 jackals
  2 kobolds (D:1)
  2 quokkas (D:1)
  4 ball pythons (D:1)
  A bat (D:2)
  A frilled lizard (D:1)
  4 rats (D:1)
40 creatures vanquished.

Vanquished Creatures (others)
  3 fungi (D:2)
  6 plants (D:2)
9 creatures vanquished.

Grand Total: 49 creatures vanquished

Notes
Turn   | Place    | Note
-------+----------+-------------------------------------------
     0 | D:1      | BOMJPIETVODKU the Gnoll Earth Elementalist began the quest
                  | for the Orb.
     0 | D:1      | Reached XP level 1. HP: 13/13 MP: 6/6
   232 | D:1      | Reached XP level 2. HP: 19/19 MP: 5/7
   689 | D:1      | Reached XP level 3. HP: 25/25 MP: 5/9
   691 | D:1      | Reached skill level 5 in Spellcasting
   934 | D:1      | Found Nibooj Rire's Armour Boutique.
  1044 | D:2      | Reached skill level 1 in Invocations
  1203 | D:2      | Reached skill level 1 in Fighting
  1203 | D:2      | Reached skill level 1 in Short Blades
  1203 | D:2      | Reached skill level 1 in Long Blades
  1203 | D:2      | Reached skill level 1 in Axes
  1203 | D:2      | Reached skill level 1 in Maces & Flails
  1203 | D:2      | Reached skill level 1 in Polearms
  1203 | D:2      | Reached skill level 1 in Staves
  1203 | D:2      | Reached skill level 1 in Slings
  1203 | D:2      | Reached skill level 1 in Bows
  1203 | D:2      | Reached skill level 1 in Crossbows
  1203 | D:2      | Reached skill level 1 in Throwing
  1203 | D:2      | Reached skill level 1 in Armour
  1203 | D:2      | Reached skill level 1 in Shields
  1203 | D:2      | Reached skill level 1 in Unarmed Combat
  1203 | D:2      | Reached skill level 1 in Evocations
  1203 | D:2      | Reached XP level 4. HP: 28/32 MP: 8/11
  1460 | D:2      | Found a faded altar of an unknown god.
  1462 | D:2      | Noticed Terence
  1466 | D:2      | Reached skill level 1 in Conjurations
  1466 | D:2      | Reached skill level 1 in Hexes
  1466 | D:2      | Reached skill level 1 in Summonings
  1466 | D:2      | Reached skill level 1 in Necromancy
  1466 | D:2      | Reached skill level 1 in Translocations
  1466 | D:2      | Reached skill level 1 in Fire Magic
  1466 | D:2      | Reached skill level 1 in Ice Magic
  1466 | D:2      | Reached skill level 1 in Air Magic
  1466 | D:2      | Reached skill level 1 in Poison Magic
  1488 | D:2      | Slain by Terence

Illustrated notes

Levels and vault maps discovered:
D:1:      erik_arrival_triangle_small, layout_basic, serial_shops,
          nicolae_lakefront_shop
D:2:      layout_basic, basic_altar, serial_shops, shop,
          shapermc_ecumenical_altar_mp_ritualfount, st_stairs_1, uniq_terence

Skill      XL: |  1  2  3  4 |
---------------+-------------+-----
Transmutations | 2 |  2.3
Spellcasting   | 5 |  5.1
Invocations    | 1 |  1.4
Fighting       | 1 |  1.2
Short Blades   | 1 |  1.2
Long Blades    | 1 |  1.2
Axes           | 1 |  1.2
Maces & Flails | 1 |  1.2
Polearms       | 1 |  1.2
Staves         | 1 |  1.2
Slings         | 1 |  1.2
Bows           | 1 |  1.2
Crossbows      | 1 |  1.2
Throwing       | 1 |  1.2
Armour         | 1 |  1.2
Shields        | 1 |  1.2
Unarmed Combat | 1 |  1.2
Evocations     | 1 |  1.2
Conjurations   | 1 |  1.0
Hexes          | 1 |  1.0
Summonings     | 1 |  1.0
Necromancy     | 1 |  1.0
Translocations | 1 |  1.0
Fire Magic     | 1 |  1.0
Ice Magic      | 1 |  1.0
Air Magic      | 1 |  1.0
Poison Magic   | 1 |  1.0
Dodging        | |  4.7
Stealth        | |  4.3
Earth Magic    | |  5.5

Action                   |  1- 3 |  4- 6 || total
-------------------------+-------+-------++-------
Melee: Short sword       |    10 |       ||    10
       Trident           |     1 |    20 ||    21
       Bite              |       |     2 ||     2
 Cast: Sandblast         |    37 |    12 ||    49
 Stab: Sleeping          |     1 |     2 ||     3
Armor: Robe              |     7 |     8 ||    15
Dodge: Dodged            |    21 |    32 ||    53
